 Dungeon Crawl Stone Soup version 0.23.2-40-g277498a001 (webtiles) character file.

Game seed: 2700394401703394922

33305 Hylith the Severer (level 13, -2/122 HPs)
             Began as a Minotaur Fighter on Aug 20, 2019.
             Was the Champion of Makhleb.
             Slain by a tyrant leech (23 damage)
             ... on level 5 of the Lair of Beasts.
             The game lasted 00:33:27 (14474 turns).

Hylith the Severer (Minotaur Fighter)              Turns: 14474, Time: 00:33:27

Health: -2/122     AC: 14    Str: 29    XL:     13   Next: 36%
Magic:  13/13      EV:  9    Int:  5    God:    Makhleb [******]
Gold:   262        SH: 17    Dex: 10    Spells: 12/12 levels left

rFire    + . .     SeeInvis .   z - +2 broad axe (venom)
rCold    + + .     Gourm    .   M - +1 shield {rC+}
rNeg     . . .     Faith    .   j - +0 plate armour
rPois    .         Spirit   .   (helmet restricted)
rElec    .         Reflect  +   c - scarf {rC+ rF+}
rCorr    .         Harm     .   J - +0 pair of gloves
MR       +....                  (no boots)
Stlth    ..........             Q - +2 amulet of reflection
HPRegen  0.30/turn              g - +3 ring of strength
MPRegen  0.13/turn              N - ring of protection from magic

@: no status effects
A: retaliatory headbutt, horns 2
a: Minor Destruction, Lesser Servant of Makhleb, Major Destruction, Greater
Servant of Makhleb, Renounce Religion


You were on level 5 of the Lair of Beasts.
You worshipped Makhleb.
Makhleb was exalted by your worship.
You were not hungry.

You visited 3 branches of the dungeon, and saw 17 of its levels.
You also visited: Ossuary.

You collected 829 gold pieces.
You spent 567 gold pieces at shops.

Inventory:

Hand Weapons
 r - a +6 antimagic trident
 u - a +2 demon whip of venom
 z - a +2 broad axe of venom (weapon)
Missiles
 o - 14 tomahawks (quivered)
 s - 3 throwing nets
Armour
 c - a scarf of resistance (worn)
 j - a +0 plate armour (worn)
 J - a +0 pair of gloves (worn)
 M - a +1 shield of cold resistance (worn)
Jewellery
 g - a +3 ring of strength (left hand)
 N - a ring of protection from magic (right hand)
 Q - a +2 amulet of reflection (around neck)
Wands
 k - a wand of disintegration (10)
 m - a wand of paralysis (13)
 n - a wand of digging (4)
 y - a wand of flame (54)
 C - a wand of iceblast (19)
 D - a wand of acid (7)
Scrolls
 a - 6 scrolls of magic mapping
 b - 5 scrolls of teleportation
 h - 2 scrolls of enchant armour {unknown}
 q - 2 scrolls of brand weapon
 v - a scroll of identify
 w - 3 scrolls of immolation {unknown}
 A - 2 scrolls of fog {unknown}
 E - 4 scrolls of amnesia
 F - 5 scrolls of remove curse
 K - 3 scrolls of vulnerability {unknown}
 L - a scroll of fear
Potions
 d - 2 potions of brilliance {unknown}
 e - 5 potions of heal wounds
 i - a potion of berserk rage {unknown}
 l - 5 potions of haste {unknown}
 p - 8 potions of curing
 t - 2 potions of mutation {unknown}
 x - a potion of ambrosia
 B - 4 potions of lignification
 G - a potion of invisibility
 H - 3 potions of might
 I - a potion of magic
 O - a potion of flight
Comestibles
 f - 21 rations


   Skills:
 + Level 13.4 Fighting
 * Level 17.6 Axes
 + Level 6.4 Armour
 + Level 3.8 Dodging
 + Level 13.3 Shields
 + Level 2.4 Evocations


You had 12 spell levels left.
You didn't know any spells.
Your spell library contained the following spells:

 Spells                   Type           Power        Failure   Level  Hunger
 Beastly Appendage        Tmut           #.....       99%         1    ##.....
 Corona                   Hex            #......      99%         1    ##.....
 Sandblast                Erth           #.....       99%         1    ##.....
 Shock                    Conj/Air       #...         99%         1    ##.....
 Passwall                 Tmut/Erth      #.......     100%        2    ###....
 Slow                     Hex            #.......     100%        2    ###....
 Sticks to Snakes         Tmut           #.......     100%        2    ###....
 Swiftness                Chrm/Air       #.......     100%        2    ###....
 Inner Flame              Hex/Fire       #.......     100%        3    ####...
 Portal Projectile        Hex/Tloc       #.....       100%        3    ####...
 Spider Form              Tmut/Pois      #.........   100%        3    ####...
 Static Discharge         Conj/Air       #.......     100%        3    ####...
 Stone Arrow              Conj/Erth      #.....       100%        3    ####...
 Airstrike                Air            #.........   100%        4    #####..
 Cause Fear               Hex            #.........   100%        4    #####..
 Ice Form                 Ice/Tmut       #.......     100%        4    #####..
 Leda's Liquefaction      Hex/Erth       #.........   100%        4    #####..
 Petrify                  Tmut/Erth      #.......     100%        4    #####..
 Blade Hands              Tmut           #.........   100%        5    ######.
 Lee's Rapid Deconstruct  Erth           #.........   100%        5    ######.
 Lightning Bolt           Conj/Air       #.........   100%        5    ######.
 Silence                  Hex/Air        #.........   100%        5    ######.
 Yara's Violent Unravell  Hex/Tmut       #.........   100%        5    ######.
 Deflect Missiles         Chrm/Air       #.........   100%        6    #######
 Discord                  Hex            #.........   100%        8    #######


Dungeon Overview and Level Annotations

Branches:
Dungeon (11/15)            Temple (1/1) D:5            Lair (5/6) D:11
  Swamp (0/4) Lair:4        Snake (0/4) Lair:4          Orc (0/2) D:10
  Slime: Lair:5-6

Altars:
Ashenzari
Cheibriados
Dithmenos
Elyvilon
Fedhas
Gozag
Hepliaklqana
Kikubaaqudgha
Makhleb
Nemelex Xobeh
Okawaru
Qazlal
Ru
Sif Muna
Trog
Uskayaw
Vehumet
Wu Jian
Xom
Yredelemnul
Zin
The Shining One

Shops:
D:5 %   D:6 **=:*   D:7 (


Innate Abilities, Weirdness & Mutations

You reflexively headbutt those who attack you in melee.
You have a pair of horns on your head.


Message History

The tyrant leech draws strength from your injuries!
You block the tyrant leech's attack. x2; The tyrant leech bites you!!
The tyrant leech draws strength from your injuries!
Unknown command.
The swamp worm bites the plant!!
The swamp worm bites the plant but does no damage.
The tyrant leech barely misses you. You furiously retaliate!
You headbutt the tyrant leech. You block the tyrant leech's attack.
You are too injured to fight recklessly!
You miss the tyrant leech.
You headbutt the tyrant leech, but do no damage.
The tyrant leech bites something!!
The moth of wrath goads something on!
The tyrant leech bites you!!!
* * * LOW HITPOINT WARNING * * *
The tyrant leech draws strength from your injuries!
You feel much better.
The tyrant leech bites you but does no damage.
The tyrant leech bites you!!
You die...

≈≈#### #≈≈≈#
.≈≈≈≈≈≈≈≈w≈≈≈≈# ##.#..
...P≈≈≈≈ ≈≈...≈###....
........ ........#...##.
........ ........#.... #
........##.##....#...# #
......##w#†..#..#....##.
.......wwwy........>..##
.#....@##.P............
.P.######........#......
##.#.#...P#####...###
.........#######..# #
.....PP...##..#P.## #
##...........>...# ##
###.##...###..#.# #. #.
#...# #..### ##
#.##....# ####


You could see 4 tyrant leeches and a moth of wrath.

Vanquished Creatures
  Harold (D:7)
  6 hydras
  Erica (D:9)
  A two-headed ogre (D:8)
  An orange crystal statue (D:11)
  A wolf spider (D:11)
  An ugly thing (D:9)
  2 black mambas
  7 spiny frogs
  3 kobold demonologists (D:11)
  The ghost of zaybatsu the Magician, a novice DrFE of Sif Muna (D:5)
  A rime drake (Lair:4)
  4 komodo dragons
  A tengu conjurer (D:11)
  A troll (D:10)
  A queen bee (D:8)
  Grinder (D:6)
  3 tyrant leeches (Lair:5)
  A hornet (D:9)
  5 blink frogs (Lair:4)
  3 hippogriffs
  Sigmund (D:6)
  28 yaks
  3 wyverns
  3 wraiths
  A hungry ghost (D:11)
  A basilisk (Lair:3)
  The ghost of Folks the Conjurer, an amateur DgCj (D:5)
  Menkaure (D:6)
  A swamp worm (Lair:4)
  Edmund (D:5)
  4 nagas (Lair:4)
  13 water moccasins
  6 porcupines
  6 orc warriors
  3 phantoms
  3 sky beasts
  A black bear (D:9)
  An eye of draining (D:10)
  An ice beast (D:6)
  7 ogres
  6 wolves (Lair:4)
  3 centaurs
  8 crocodiles
  Blork the orc (D:6)
  22 big kobolds
  A wyvern zombie (D:9)
  14 bullfrogs
  3 gnoll sergeants (D:10)
  3 wyvern skeletons
  3 scorpions
  26 killer bees
  7 wights
  A howler monkey (D:9)
  A centaur zombie (D:9)
  4 crimson imps
  2 bullfrog zombies
  Crazy Yiuf (D:6)
  A gnoll shaman (D:8)
  4 hounds
  5 bullfrog skeletons
  A centaur skeleton (D:9)
  3 orc priests
  5 jellies
  2 orc wizards
  5 iguanas
  7 worker ants
  7 hell rats (Lair:4)
  3 hound zombies
  A worker ant zombie (D:10)
  Robin (D:2)
  16 gnolls
  17 adders
  2 shadow imps
  2 oozes
  3 adder zombies
  A worm (D:2)
  A dart slug (D:2)
  4 leopard geckos
  33 orcs
  2 ball pythons
  8 bats
  6 giant cockroaches
  12 goblins
  9 hobgoblins
  7 jackals
  13 kobolds
  3 quokkas
  7 frilled lizards
  A hobgoblin skeleton (Ossuary)
  2 hobgoblin zombies (Ossuary)
  2 kobold zombies (Ossuary)
  2 leopard gecko skeletons
  An orc zombie (Ossuary)
  5 rats
  A fungus (Lair:5)
  3 plants (Lair:4)
446 creatures vanquished.

Vanquished Creatures (others)
  A wizard (D:4)
  A bush (Lair:4)
  A fungus (Lair:5)
  6 plants
9 creatures vanquished.

Grand Total: 455 creatures vanquished

Notes
Turn   | Place    | Note
-------+----------+-------------------------------------------
     0 | D:1      | Hylith the Minotaur Fighter began the quest for the Orb.
     0 | D:1      | Reached XP level 1. HP: 19/19 MP: 0/0
    70 | D:1      | Reached XP level 2. HP: 23/27 MP: 1/1
   491 | D:1      | Reached skill level 3 in Axes
   939 | D:2      | Reached XP level 3. HP: 30/33 MP: 2/2
  1515 | D:2      | Reached XP level 4. HP: 40/40 MP: 3/3
  1592 | D:2      | Noticed Robin
  1595 | D:2      | Reached skill level 4 in Axes
  1601 | D:2      | Killed Robin
  1852 | D:3      | Paralysed by an orc for 6 turns
  1975 | D:3      | Reached XP level 5. HP: 35/47 MP: 4/4
  1976 | D:3      | Found a sparkling altar of Nemelex Xobeh.
  2204 | D:3      | Found a shimmering altar of Xom.
  2384 | D:3      | Reached skill level 5 in Axes
  2703 | D:4      | Reached skill level 5 in Fighting
  2703 | D:4      | Reached skill level 5 in Shields
  2745 | D:4      | Reached XP level 6. HP: 55/56 MP: 5/5
  3013 | D:4      | Reached skill level 6 in Axes
  3273 | D:4      | Found a deep blue altar of Sif Muna.
  3274 | D:4      | Found a snail-covered altar of Cheibriados.
  3311 | D:4      | Found a stormy altar of Qazlal.
  3354 | D:4      | Found a bloodstained altar of Trog.
  3355 | D:4      | Noticed a wizard
  3360 | D:4      | Killed a wizard
  3607 | D:5      | Entered Level 5 of the Dungeon
  3631 | D:5      | Found a staircase to the Ecumenical Temple.
  3645 | Temple   | Entered the Ecumenical Temple
  3796 | Temple   | Became a worshipper of Makhleb the Destroyer
  3822 | D:5      | Reached XP level 7. HP: 60/62 MP: 6/6
  3879 | D:5      | Reached skill level 7 in Axes
  3958 | D:5      | Found Tebb's Food Shoppe.
  4043 | D:5      | Noticed Edmund
  4052 | D:5      | Killed Edmund
  4054 | D:5      | Reached skill level 8 in Axes
  4054 | D:5      | Reached XP level 8. HP: 22/71 MP: 7/7
  4141 | D:5      | Found a runed translucent gate.
  4142 | D:5      | Found a runed translucent gate.
  4143 | D:5      | Found a runed translucent gate.
  4144 | D:5      | Noticed zaybatsu's ghost (novice DrFE)
  4145 | D:5      | Noticed Folks's ghost (amateur DgCj)
  4340 | D:5      | Killed zaybatsu's ghost
  4340 | D:5      | Reached skill level 9 in Axes
  4344 | D:5      | Killed Folks's ghost
  4536 | D:6      | Noticed Blork the orc
  4549 | D:6      | Killed Blork the orc
  4652 | D:6      | Reached skill level 10 in Axes
  4663 | D:6      | Reached XP level 9. HP: 20/81 MP: 8/8
  4801 | D:6      | Found a sand-covered staircase.
  4806 | Ossuary  | Entered an ossuary
  4931 | Ossuary  | Reached * piety under Makhleb
  5225 | D:6      | Found Awnahiro's Book Shoppe.
  5232 | D:6      | Found Decse's Assorted Antiques.
  5240 | D:6      | Noticed Sigmund
  5245 | D:6      | Noticed Grinder
  5250 | D:6      | Killed Sigmund
  5251 | D:6      | Paralysed by Grinder for 5 turns
  5266 | D:6      | Killed Grinder
  5266 | D:6      | Reached skill level 11 in Axes
  5282 | D:6      | Noticed Menkaure
  5290 | D:6      | Killed Menkaure
  5299 | D:6      | Found Mosoyhap's Jewellery Shop.
  5327 | D:6      | Found Booff's General Store.
  5351 | D:6      | Bought a scroll of brand weapon for 220 gold pieces
  5362 | D:6      | Found Mabuc's Assorted Antiques.
  5571 | D:6      | Found a runed translucent door.
  5572 | D:6      | Noticed Crazy Yiuf
  5578 | D:6      | Killed Crazy Yiuf
  5664 | D:6      | Bought a scroll labeled NEZ FUDIPEO for 24 gold pieces
  5918 | D:7      | Noticed Harold
  5931 | D:7      | Reached ** piety under Makhleb
  5942 | D:7      | Killed Harold
  5942 | D:7      | Reached skill level 12 in Axes
  5942 | D:7      | Reached skill level 1 in Dodging
  5942 | D:7      | Reached XP level 10. HP: 72/91 MP: 9/9
  6377 | D:7      | Found Guf Hoer's Antique Weapon Shoppe.
  6649 | D:6      | Bought an ancient brass ring for 120 gold pieces
  6649 | D:6      | Identified the cursed ring "Ippozasi" {rPois AC-2 Stlth+}
                  | (You bought it in a shop on level 6 of the Dungeon)
  6760 | D:8      | Found a radiant altar of Vehumet.
  6778 | D:8      | Reached skill level 5 in Armour
  7110 | D:8      | Noticed a two-headed ogre
  7119 | D:8      | Killed a two-headed ogre
  7119 | D:8      | Reached skill level 10 in Fighting
  7151 | D:8      | Reached skill level 10 in Shields
  7334 | D:8      | Reached *** piety under Makhleb
  7334 | D:8      | Reached skill level 13 in Axes
  7721 | D:9      | Found a sacrificial altar of Ru.
  7787 | D:9      | Noticed a purple ugly thing
  7808 | D:9      | Reached XP level 11. HP: 98/101 MP: 10/10
  7813 | D:9      | Killed a purple ugly thing
  7938 | D:9      | Found a glowing golden altar of the Shining One.
  7941 | D:9      | Noticed Erica
  7960 | D:9      | Killed Erica
  8186 | D:9      | Paralysed by a hornet for 1 turns
  8206 | D:9      | Found a sparkling altar of Nemelex Xobeh.
  8389 | D:9      | Reached skill level 14 in Axes
  8626 | D:10     | Entered Level 10 of the Dungeon
  8713 | D:10     | Reached **** piety under Makhleb
  9467 | D:10     | Found a staircase to the Orcish Mines.
  9770 | D:11     | Reached skill level 15 in Axes
  9776 | D:11     | Noticed an eight-headed hydra
  9795 | D:11     | Reached ***** piety under Makhleb
 10053 | D:7      | Bought a glowing broad axe for 203 gold pieces
 10165 | D:11     | Found a staircase to the Lair.
 10234 | D:11     | Noticed a wolf spider
 10245 | D:11     | Killed a wolf spider
 10254 | D:11     | Reached XP level 12. HP: 81/112 MP: 3/11
 10257 | D:11     | Killed an eight-headed hydra
 10460 | D:11     | Noticed a six-headed hydra
 10469 | D:11     | Killed a six-headed hydra
 10615 | D:11     | Reached skill level 16 in Axes
 10697 | Lair:1   | Entered Level 1 of the Lair of Beasts
 11295 | Lair:2   | Noticed an eight-headed hydra
 11310 | Lair:2   | Killed an eight-headed hydra
 11459 | Lair:2   | You fall through a shaft!
 11975 | Lair:2   | Reached skill level 17 in Axes
 13129 | Lair:4   | Noticed a five-headed hydra
 13133 | Lair:4   | Reached skill level 1 in Evocations
 13133 | Lair:4   | Reached XP level 13. HP: 122/122 MP: 12/12
 13665 | Lair:4   | Reached ****** piety under Makhleb
 13695 | Lair:4   | Found a staircase to the Snake Pit.
 13931 | Lair:4   | Found a staircase to the Swamp.
 14473 | Lair:5   | HP: 2/122 [tyrant leech (39)]
 14474 | Lair:5   | Slain by a tyrant leech

Skill      XL: |  1  2  3  4  5  6  7  8  9 10 11 12 13 |
---------------+----------------------------------------+-----
Axes           | 3 4 5 6 8 10 12 13 15 17 | 17.6
Fighting       | 4 5 6 7 9 10 11 13 | 13.4
Armour         | 4 6 |  6.4
Shields        | 4 5 6 7 9 10 11 13 | 13.3
Dodging        | 1 2 3 |  3.8
Evocations     | 1 2 |  2.4

Action                   |  1- 3 |  4- 6 |  7- 9 | 10-12 | 13-15 || total
-------------------------+-------+-------+-------+-------+-------++-------
Melee: War axe           |    94 |   183 |   235 |   437 |       ||   949
       Headbutt          |    14 |    29 |    45 |   130 |    30 ||   248
       Trident           |       |       |       |    40 |    33 ||    73
       Broad axe         |       |       |       |   204 |   103 ||   307
Throw: Tomahawk          |       |       |       |     4 |       ||     4
Evoke: Wand              |       |       |       |     3 |       ||     3
  Use: Potion            |       |       |     1 |     3 |     1 ||     5
       Scroll            |       |       |    10 |     8 |     2 ||    20
  Eat: Chunk             |     2 |     6 |     9 |    19 |     2 ||    38
       Ration            |       |       |       |     1 |     1 ||     2
Armor: Scale mail        |     5 |       |       |       |       ||     5
       Plate armour      |    64 |   123 |    78 |   224 |    57 ||   546
Dodge: Dodged            |    16 |    31 |    25 |   130 |    36 ||   238
Block: Shield            |    59 |    89 |    91 |   379 |   110 ||   728
       Reflection        |       |       |       |       |     1 ||     1
